 Dungeon Crawl Stone Soup version 0.32-a0-597-g8e3e136d6a (webtiles) character file.

Game seed: 15638141143631292246

2439116 gimp the Slayer (level 27, 199/237 HPs)
             Began as a Demonspawn Monk on Mar 2, 2024.
             Was a Follower of Uskayaw.
             Escaped with the Orb
             ... and 4 runes!
             The game lasted 03:19:42 (66085 turns).

gimp the Slayer (Demonspawn Monk)                  Turns: 66085, Time: 03:19:43

Health: 199/237    AC: 20    Str: 15 (16) XL:     27
Magic:  45/45      EV: 21    Int:  3 (8)  God:    Uskayaw [*.....]
Gold:   5645       SH:  0    Dex: 19 (26) Spells: 26/26 levels left

rFire   + +          .
                       - Unarmed
rCold   + + .        (no shield)
rNeg    + + +        s - +3 fire dragon scales
rPois   ∞            (helmet unavailable)
rElec   +            (cloak unavailable)
rCorr   +            (gloves unavailable)
SInv    +            a - +3 pair of mountain boots {steadfast, rC+}
Will    +++++        V - amulet of faith Stlth
                     X - ring "Wustecis" {rElec Will+ rCorr MP+9 Int-4}
HPRegen 0.59/turn    q - ring "Myxe" {+Blink rC+ Will+ rCorr}
MPRegen 0.29/turn

%: faith
@: death-form, studying 2 skills
A: vile attack, torment immunity, no potions, antennae 3, foul stench 3, powered
by death 3, corrupting presence 2, word of chaos, weakness stinger 3, demonic
touch 3, hooves 1, strong 1, MP-powered wands
0: Orb of Zot
}: 4/15 runes: barnacled, slimy, silver, gossamer
a: Word of Chaos, Siphon Essence, Begin Untransformation, Renounce Religion,
Evoke Blink, Stomp


You escaped.
You worshipped Uskayaw.
Uskayaw was most pleased with you.
You were an undying horror.
You visited 10 branches of the dungeon, and saw 52 of its levels.
You also visited: Gauntlet, Wizlab and Desolation.

You collected 10487 gold pieces.
You spent 4842 gold pieces at shops.

Inventory:

Missiles
 m - 9 throwing nets (quivered)
 v - 12 curare-tipped darts
Armour
 a - the +3 pair of mountain boots (worn) {steadfast, rC+}
   (You found it in the Desolation of Salt)

   Steadfast: It prevents involuntary movement, except for blinking,
   teleportation, or banishment.
   rC+:       It protects you from cold.
 s - +3 fire dragon scales (worn)
 D - the +18 shield of the Gong {Loud rN+ Will+ rCorr EV-5}
   (You found it on level 5 of the Vaults)

   Loud:      It is deafeningly noisy when blocking attacks.
   EV-5:      It affects your evasion (-5).
   rN+:       It protects you from negative energy.
   Will+:     It increases your willpower.
   rCorr:     It protects you from acid and corrosion.
 L - the +5 ring mail "Umarim" {rElec}
   (You bought it in a shop on level 14 of the Dungeon)

   rElec:     It insulates you from electricity.
Jewellery
 f - the ring of Weewn {Fire Will+++}
   (You took it off a vault guard on level 5 of the Vaults)

   [ring of fire]

   Fire:      It enhances your fire magic.
   rF+:       It protects you from fire.
   rC-:       It makes you vulnerable to cold.
   Will+++:   It greatly increases your willpower.
 q - the ring "Myxe" (right hand) {+Blink rC+ Will+ rCorr}
   (You bought it in a shop on level 4 of the Depths)

   [ring of protection from cold]

   rC+:       It protects you from cold.
   Will+:     It increases your willpower.
   +Blink:    It lets you blink.
   rCorr:     It protects you from acid and corrosion.
 t - an amulet of magic regeneration
 F - the ring of Dum Isen {^Contam rC+ Will+ Dex+2 Stlth+}
   (You found it on level 5 of the Pits of Slime)

   [ring of willpower]

   Dex+2:     It affects your dexterity (+2).
   rC+:       It protects you from cold.
   Will+:     It increases your willpower.
   ^Contam:   It causes magical contamination when unequipped.
   Stlth+:    It makes you more stealthy.
 I - the necklace of Bloodlust {Fury *Rage Will++ Int-3 Slay+6}
   (You found it on level 2 of the Elven Halls)

   [amulet of nothing]

   Fury:      It extends the wearer's berserk rage when killing foes.
   Int-3:     It affects your intelligence (-3).
   Slay+6:    It affects your accuracy & damage with ranged weapons and melee
   (+6).
   Will++:    It greatly increases your willpower.
   *Rage:     It berserks you when you make melee attacks (+50% chance).
 S - the ring "Awkot" {Fly rN+ Str+5}
   (You found it on level 3 of the Elven Halls)

   [ring of flight]

   Str+5:     It affects your strength (+5).
   rN+:       It protects you from negative energy.
   Fly:       It grants you flight.
 V - an amulet of faith (around neck)
 X - the ring "Wustecis" (left hand) {rElec Will+ rCorr MP+9 Int-4}
   (You found it on level 3 of the Depths)

   [ring of willpower]

   Int-4:     It affects your intelligence (-4).
   rElec:     It insulates you from electricity.
   Will+:     It increases your willpower.
   MP+9:      It affects your magic capacity (+9).
   rCorr:     It protects you from acid and corrosion.
Talismans
 r - a talisman of death (active)
 z - a granite talisman
 G - a storm talisman
Wands
 d - a wand of iceblast (34)
 y - a wand of flame (108)
 N - a wand of digging (18)
 W - a wand of acid (29)
Scrolls
 b - 4 scrolls of fear
 e - 5 scrolls of poison
 j - 23 scrolls of teleportation
 l - 5 scrolls of vulnerability
 o - 6 scrolls of fog
 p - 2 scrolls of revelation
 w - 7 scrolls of blinking
 E - 6 scrolls of immolation
 H - 6 scrolls of butterflies
 J - 3 scrolls of silence
Potions
 c - 9 potions of ambrosia
 g - 28 potions of curing
 h - 9 potions of heal wounds
 i - 3 potions of mutation
 k - 12 potions of haste
 u - 4 potions of enlightenment
 x - 4 potions of berserk rage
 K - 4 potions of invisibility
 M - 2 potions of might
 O - 6 potions of resistance
 Q - 4 potions of cancellation
 Y - 3 potions of magic
Miscellaneous
 n - a phantom mirror
 A - a sack of spiders
 R - a condenser vane
 T - a lightning rod (4/4)
 U - a phial of floods


   Skills:
 + Level 23.8 Fighting
 - Level 3.2 Axes
 + Level 12.7 Armour
 - Level 21.0 Dodging
 - Level 22.0 Unarmed Combat
 + Level 18.9 Invocations
 - Level 23.0 Shapeshifting


You had 26 spell levels left.
You didn't know any spells.
Your spell library contained the following spells:

 Spells                   Type           Power      Damage    Failure   Level
 Apportation              Tloc           0%         N/A       91%         1
 Freeze                   Ice            0%         1d3       91%         1
 Magic Dart               Conj           0%         1d3       91%         1
 Necrotise                Necr           0%         1d4       91%         1
 Sandblast                Erth           0%         2d4       91%         1
 Shock                    Conj/Air       0%         1d3       91%         1
 Slow                     Hex            0%         N/A       91%         1
 Sting                    Conj/Alch      0%         1d3       91%         1
 Summon Small Mammal      Summ           0%         N/A       91%         1
 Cigotuvi's Dreadful Rot  Necr/Alch/Air  0%         N/A       97%         2
 Ensorcelled Hibernation  Hex/Ice        0%         N/A       97%         2
 Jinxbite                 Hex            0%         N/A       97%         2
 Lesser Beckoning         Tloc           0%         N/A       97%         2
 Searing Ray              Conj           0%         2d4       97%         2
 Static Discharge         Conj/Air       0%         3-3/arc   97%         2
 Confusing Touch          Hex            0%         N/A       99%         3
 Dazzling Flash           Conj/Hex       0%         N/A       99%         3
 Frozen Ramparts          Ice            0%         1d1       99%         3
 Fugue of the Fallen      Necr           0%         N/A       99%         3
 Gell's Gravitas          Tloc           0%         N/A       99%         3
 Hailstorm                Conj/Ice       0%         3d5       99%         3
 Inner Flame              Hex/Fire       0%         N/A       99%         3
 Mephitic Cloud           Conj/Alch/Air  0%         N/A       99%         3
 Ozocubu's Armour         Ice            0%         N/A       99%         3
 Passwall                 Erth           0%         N/A       99%         3
 Sigil of Binding         Hex            0%         N/A       99%         3
 Stone Arrow              Conj/Erth      0%         3d7       99%         3
 Summon Ice Beast         Ice/Summ       0%         N/A       99%         3
 Swiftness                Air            0%         N/A       99%         3
 Teleport Other           Tloc           0%         N/A       99%         3
 Tukima's Dance           Hex            0%         N/A       99%         3
 Vampiric Draining        Necr           0%         2d6       99%         3
 Volatile Blastmotes      Fire/Tloc      0%         2d10      99%         3
 Airstrike                Air            0%         2d(0-16)  100%        4
 Anguish                  Hex/Necr       0%         N/A       100%        4
 Animate Armour           Summ/Erth      0%         N/A       100%        4
 Animate Dead             Necr           0%         N/A       100%        4
 Brom's Barrelling Bould  Conj/Erth      0%         2d3       100%        4
 Cause Fear               Hex            0%         N/A       100%        4
 Dimensional Bullseye     Hex/Tloc       0%         N/A       100%        4
 Dispel Undead            Necr           0%         3d6       100%        4
 Flame Wave               Conj/Fire      0%         2d4       100%        4
 Fulminant Prism          Conj/Alch      0%         3d5       100%        4
 Ignite Poison            Fire/Alch      0%         N/A       100%        4
 Iskenderun's Mystic Bla  Conj/Tloc      0%         2d3       100%        4
 Leda's Liquefaction      Alch/Erth      0%         N/A       100%        4
 Manifold Assault         Tloc           0%         N/A       100%        4
 Martyr's Knell           Necr/Summ      0%         N/A       100%        4
 Passage of Golubria      Tloc           0%         N/A       100%        4
 Petrify                  Alch/Erth      0%         N/A       100%        4
 Sticky Flame             Fire/Alch      0%         2d4       100%        4
 Summon Blazeheart Golem  Fire/Summ      0%         N/A       100%        4
 Summon Lightning Spire   Summ/Air       0%         N/A       100%        4
 Vhi's Electric Charge    Tloc/Air       0%         N/A       100%        4
 Alistair's Intoxication  Alch           0%         N/A       100%        5
 Arcjolt                  Conj/Air       0%         1d10      100%        5
 Borgnjor's Vile Clutch   Necr/Erth      0%         N/A       100%        5
 Freezing Cloud           Conj/Ice/Air   0%         6-21      100%        5
 Lee's Rapid Deconstruct  Erth           0%         3d4*      100%        5
 Metabolic Englaciation   Hex/Ice        0%         N/A       100%        5
 Silence                  Hex/Air        0%         N/A       100%        5
 Yara's Violent Unravell  Hex/Alch       0%         3d3       100%        5
 Bombard                  Conj/Erth      0%         9d1       100%        6
 Death Channel            Necr           0%         N/A       100%        6
 Eringya's Noxious Bog    Alch           0%         4d6       100%        6
 Plasma Beam              Fire/Air       0%         2x1d10    100%        6
 Sculpt Simulacrum        Ice/Alch       0%         N/A       100%        6
 Starburst                Conj/Fire      0%         6d3       100%        6
 Enfeeble                 Hex            0%         N/A       100%        7
 Malign Gateway           Summ/Tloc      0%         N/A       100%        7
 Orb of Destruction       Conj           0%         9d5       100%        7
 Spellforged Servitor     Conj/Summ      0%         N/A       100%        7
 Borgnjor's Revivificati  Necr           0%         N/A       100%        8
 Ignition                 Fire           0%         3d3       100%        8
 Lehudib's Crystal Spear  Conj/Erth      0%         10d2      100%        8
 Maxwell's Capacitive Co  Air            0%         ∞         100%        8
 Summon Horrible Things   Summ           0%         N/A       100%        8
 Shatter                  Erth           0%         3d5*      100%        9


Dungeon Overview and Level Annotations

Branches:
Dungeon (15/15)            Temple (0/1) D:6            Lair (5/5) D:9
 Shoals (4/4) Lair:2       Spider (4/4) Lair:2        Slime (5/5) Lair:4
    Orc (2/2) D:10            Elf (3/3) Orc:2        Vaults (5/5) D:14
  Crypt (0/3) Vaults:2     Depths (4/4) D:15            Zot (5/5) Depths:4
 WizLab (visited)         Desolation (visited)      Gauntlet (visited)

Altars:
Ashenzari
Cheibriados
Dithmenos
Fedhas
Hepliaklqana
Makhleb
Uskayaw
Wu Jian
Xom
Yredelemnul
Jiyva

Shops:
D:7 :   D:10 ?   D:14 [[[   D:15 :   Orc:2 ?*!(   Elf:2 *   Elf:3 :*
Shoals:1 *(   Shoals:2 [   Vaults:1 !   Vaults:5 [   Depths:3 *   Depths:4 =[:

Portals:
Hell: Depths:1 Depths:2 Depths:3 Depths:4
Abyss: Depths:2 Depths:3
Pandemonium: Depths:1 Depths:2 Depths:4
Ziggurat: Depths:3
Trove: Depths:1 (give 7 scrolls of fog)

Annotations:
D:8 exclusion: door, Amaemon, Maggie, Psyche
D:12 3 runed translucent doors, exclusion: 3 doors, Sofotal's ghost, journeyman DjWr
Lair:2 3 runed translucent doors, exclusion: 3 doors, Feodghui's ghost, journeyman OnSh
Shoals:4 1 exclusion
Elf:2 3 runed translucent doors, exclusion: 3 doors
Depths:1 exclusion: orange crystal statue
Depths:2 3 runed translucent doors, exclusion: 3 doors, Jehehi's ghost, veteran DgCj


Innate Abilities, Weirdness & Mutations

You are an undying horror.
Your melee and unarmed attacks drain, slow and weaken victims.
You are immune to unholy pain and torment.
You cannot drink.
You are immune to poison.
You have a pair of large antennae on your head. (SInv)
You frequently emit foul miasma when damaged in melee.
You regenerate a lot of health from kills.
Your presence sometimes corrodes or deforms those you injure.
You can speak a Word of Chaos.
You have a sharp stinger which inflicts weakening toxins.
Your touch may irresistibly damage your foes and sap their willpower.
You have large cloven feet.
Your muscles are strong. (Str +4, Int/Dex -1)
You expend magic power (3 MP) to strengthen your wands.


Message History

You hit the iguana but do no damage. You drain the iguana.
You tail-slap the iguana.
The iguana looks weaker.
You touch the iguana!
You kill the iguana!
No target in view!
No target in view!
There is a stone staircase leading up here.
You climb upwards.
There is a stone staircase leading down here.
You hit the bombardier beetle.
The bombardier beetle decays.
You tail-slap the bombardier beetle.
The bombardier beetle looks even weaker.
The bombardier beetle is lightly wounded.
The bombardier beetle completely misses you.
You hit the bombardier beetle.
The bombardier beetle decays.
Your corrupting presence corrodes the bombardier beetle!
You touch the bombardier beetle!
You sap its willpower!
The bombardier beetle is almost dead.
You closely miss the bombardier beetle.
Your punch misses the bombardier beetle.
The bombardier beetle is almost dead.
You punch the bombardier beetle!
You kill the bombardier beetle!
No target in view!
There is a stone staircase leading up here.
You climb upwards.
There is a stone staircase leading down here.
There is an open door here.
A Tzitzimitl comes into view.
The Tzitzimitl gestures at you.
You convulse!
You take 23 damage, and have 214/237 hp.
The Tzitzimitl misses you. The Tzitzimitl bites you!
You emit a cloud of foul miasma!
You take 7 damage, and have 207/237 hp.
You pummel the Tzitzimitl like a punching bag!!!
The Tzitzimitl decays.
The Tzitzimitl is moderately wounded.
You closely miss the Tzitzimitl.
Your tail-slap misses the Tzitzimitl.
The Tzitzimitl is moderately wounded.
You pound the Tzitzimitl into fine dust!!!
The Tzitzimitl decays.
Your tail-slap misses the Tzitzimitl.
The Tzitzimitl is severely wounded.
The Tzitzimitl engulfs you but does no damage.
The Tzitzimitl bites you but does no damage.
You can now pass through a line of other dancers.
A hell beast comes into view.
You hit the Tzitzimitl but do no damage.
You tail-slap the Tzitzimitl, but do no damage.
You touch the Tzitzimitl!
You punch the Tzitzimitl.
The Tzitzimitl is almost dead.
You barely miss the Tzitzimitl.
You tail-slap the Tzitzimitl, but do no damage.
Your corrupting presence corrodes the Tzitzimitl!
The Tzitzimitl twists and deforms.
You touch the Tzitzimitl!
The Tzitzimitl is almost dead.
You miss the Tzitzimitl.
The Tzitzimitl twists and deforms.
You tail-slap the Tzitzimitl.
The Tzitzimitl looks even weaker.
Your punch misses the Tzitzimitl.
The Tzitzimitl is almost dead.
The Tzitzimitl gestures at you.
You convulse!
You take 22 damage, and have 186/237 hp.
You pummel the Tzitzimitl!!
You kill the Tzitzimitl!
You feel your strength returning. The hell beast barely misses you.
The hell beast tramples you but does no damage.
The hell beast misses you. The hell beast tramples you!
Your boots keep you from being knocked back.
You hold your ground!
You take 6 damage, and have 181/237 hp.
You barely miss the hell beast.
You tail-slap the hell beast, but do no damage.
The hell beast completely misses you. The hell beast tramples you!
Your boots keep you from being knocked back.
You hold your ground!
You emit a cloud of foul miasma!
You take 13 damage, and have 168/237 hp.
You pound the hell beast into fine dust!!!
The hell beast decays.
You tail-slap the hell beast.
The hell beast looks even weaker.
The hell beast is heavily wounded.
Uskayaw will force your foes to helplessly watch your dance.
Uskayaw prepares the audience for your solo!
The helpless hell beast fails to defend itself.
You hit the hell beast.
The hell beast decays.
You touch the hell beast!
You sap its willpower!
The hell beast is severely wounded.
The helpless hell beast fails to defend itself.
You pulverise the hell beast!!!
You kill the hell beast!
No target in view!
You open the door.
There is an open door here.
There is a stone staircase leading up here.
You climb upwards.
There is a stone staircase leading down here.
You see here a hobgoblin skeleton.
There is a staircase leading out of the dungeon here.
You regained 27 hp, and now have 198/237 hp.
You have escaped!

#.####..####.#.##.#.# ##P### #
..# #..# ##........#########.###
######..###.................÷....
........##.#.#.##...###..........
##.....############## ####.##.##.
#.###)÷.## ##...##.##. #.###....#
######### #...###.##.
#........###...ß...###....##.##.
#####....##..ß.z.ß..##...)...##.
##...#ß.........ß#....#####.
#######......ß..(..ß......## #.
..........#ß.........ß#...# #.
#####.#...##..ß...ß..##...#### #.
#.....###...ß...###...##.###.
###...# ######### #...#.#....
#..## ##...###.#.
################ ##### ##..


There were no monsters in sight!

Vanquished Creatures
  the Royal Jelly (Slime:5)
  6 dread liches
  4 orbs of fire
  5 ancient liches
  Xtahua (Vaults:3)
  Sojobo (Depths:3)
  8 Killer Klowns
  8 golden dragons
  2 curse toes
  Arachne (Spider:4)
  2 bone dragons (Depths:4)
  A Tzitzimitl (D:2)
  Jorgrun (D:12)
  Rupert (D:14)
  5 electric golems
  14 tentacled monstrosities
  A lich (Vaults:5)
  3 deep elf blademasters (Elf:3)
  A walking crystal tome (Depths:3)
  Mlioglotl (Spider:2)
  Asterion (Vaults:1)
  2 walking frostbound tomes (Depths:3)
  4 quicksilver dragons
  26 Orb Guardians
  5 titans (Vaults:5)
  2 deep elf master archers (Elf:3)
  6 death cobs
  2 Executioners
  7 sphinxes
  18 acid blobs
  Kirke (Lair:2)
  Donald (Spider:2)
  15 shadow dragons
  18 storm dragons
  3 tengu reavers
  Aizul (Spider:1)
  Ilsuiw (Shoals:2)
  8 azure jellies
  4 protean progenitors
  11 fire giants
  16 rockslimes
  4 draconian knights
  6 iron dragons
  8 draconian shifters
  8 emperor scorpions
  14 vault wardens
  6 deep elf sorcerers
  6 draconian monks
  9 frost giants
  2 draconian stormcallers
  3 imperial myrmidons (Desolation)
  7 ghost moths
  A ghoul (Vaults:2)
  5 deep elf elementalists (Elf:3)
  4 angels (Zot:2)
  A balrug (Depths:4)
  An orc warlord (Vaults:1)
  4 draconian scorchers
  22 ironbound preservers
  2 spriggan defenders (Depths:3)
  15 stone giants
  7 draconian annihilators
  A reaper (Depths:3)
  9 quicksilver oozes
  13 very ugly things
  2 broodmothers
  8 ironbound thunderhulks
  6 deep elf demonologists
  7 vampire knights
  5 formless jellyfish
  7 deep elf death magi
  20 black draconians
  8 red draconians
  16 green draconians
  4 white draconians
  9 deep elf annihilators
  A minotaur (Gauntlet)
  15 purple draconians
  10 dire elephants
  2 orange crystal statues
  A halazid warlock (Desolation)
  10 yellow draconians
  6 spark wasps
  3 war gargoyles (Vaults:5)
  3 merfolk javelineers
  3 entropy weavers
  17 ettins
  13 merfolk impalers
  6 fire dragons
  Josephine (Orc:2)
  A crystal guardian (Desolation)
  8 deep elf high priests
  15 yaktaur captains
  5 jiangshi
  9 ragged hierophants (Desolation)
  6 rakshasas
  6 servants of whispers (Desolation)
  7 peacekeepers
  14 great orbs of eyes
  35 vault guards
  A hell beast (D:2)
  5 merfolk avatars
  12 ice dragons
  3 merfolk aquamancers
  4 hydras
  3 jorogumos
  3 spriggan air magi
  4 radroaches
  3 centaur warriors
  4 ironbound frosthearts
  A radroach (shapeshifter) (Vaults:5)
  7 boulder beetles
  3 ogre magi
  A sphinx zombie (Depths:4)
  A catoblepas (Lair:4)
  A spriggan skeleton (Depths:4)
  2 alligator snapping turtles (Shoals:4)
  19 dancing weapons
  A two-headed ogre (shapeshifter) (Vaults:5)
  3 satyrs
  10 two-headed ogres
  10 demonic crawlers
  7 deep troll shamans
  4 vampire magi
  5 spriggan berserkers
  5 tengu warriors
  A titan zombie (Depths:4)
  5 deep troll earth magi
  4 occultists
  2 sun demons (Depths:4)
  A shadow wraith (Depths:4)
  8 deep elf knights
  2 salamander mystics (Depths:2)
  8 skysharks
  2 soul eaters (Depths:4)
  6 iron trolls
  3 sixfirhies
  4 spriggans (Depths:3)
  11 hell knights
  6 pharaoh ants
  A goliath frog (Lair:5)
  10 skeletal warriors
  10 sea snakes
  50 deep trolls
  8 flayed ghosts
  2 deep trolls (shapeshifter)
  2 swamp dragons (Lair:2)
  10 orb spiders
  8 arcanists
  22 deep elf archers
  A lindwurm (shapeshifter) (Vaults:5)
  Pikel (D:7)
  7 glowing orange brains
  A sun moth (Spider:3)
  2 golden dragon zombies (Depths:2)
  A thermic dynamo (Elf:3)
  A naga ritualist (Depths:3)
  10 orc knights
  29 deep elf pyromancers
  20 ironbound convokers
  11 steelbarb worms
  25 harpies
  5 phantasmal warriors (Vaults:5)
  3 lindwurms
  27 deep elf zephyrmancers
  An iron dragon zombie (Depths:4)
  21 manticores
  8 fauns
  2 necromancers
  A shining eye (Slime:5)
  18 wolf spiders
  30 ugly things
  7 orc sorcerers
  4 cyclopes
  6 salamanders (Depths:2)
  3 large abominations
  22 moths of wrath
  17 elephants
  3 kobold blastminers (Orc:1)
  9 meliai
  A water nymph (shapeshifter) (Zot:2)
  11 merfolk sirens
  2 guardian serpents (Desolation)
  5 water nymphs
  8 black mambas
  A naga mage (Depths:3)
  24 cane toads
  5 gargoyles
  12 torpor snails
  2 eyes of devastation (shapeshifter)
  24 vault sentinels
  A smoke demon (Depths:4)
  3 centaur skeletons (D:15)
  4 eyes of devastation
  An unseen horror (shapeshifter) (D:14)
  A cane toad (shapeshifter) (Elf:2)
  2 unseen horrors (D:11)
  A hellion (D:15)
  40 yaktaurs
  2 efreet
  A yaktaur (shapeshifter) (Vaults:5)
  11 komodo dragons
  7 tengu conjurers
  3 freezing wraiths
  A red devil (D:15)
  36 merfolk
  2 guardian mummies (Zot:3)
  10 trolls
  3 tyrant leeches (Lair:5)
  A tyrant leech (shapeshifter) (Vaults:5)
  8 wind drakes
  4 polar bears
  5 dream sheep
  8 hornets
  37 tarantellas
  A raiju (shapeshifter) (Vaults:5)
  5 glass eyes
  47 saltlings
  30 jumping spiders
  27 blink frogs
  5 snapping turtles
  67 slime creatures
  2 air elementals (Elf:1)
  30 culicivoras
  Eustachio (D:5)
  4 small abominations (Gauntlet)
  17 water elementals
  5 shadows
  A ynoxinul (Zot:4)
  55 yaks
  5 wraiths
  3 hogs
  2 basilisks
  3 chaos spawn
  16 vampire mosquitoes
  3 wargs
  9 wyverns
  2 fire elementals (Elf:2)
  71 redbacks
  A redback (shapeshifter) (Vaults:5)
  A swamp worm (Spider:1)
  A swamp worm (shapeshifter) (Depths:3)
  3 acid dragons
  13 water moccasins
  2 ice beasts
  14 orc warriors
  24 ogres
  2 laughing skulls (D:14)
  13 wolves
  13 centaurs
  A kobold brigand (D:9)
  A lemure (D:7)
  2 phantoms
  11 bullfrogs
  A gnoll sergeant (D:12)
  3 scorpions
  2 earth elementals
  A wight (D:7)
  4 killer bees
  4 howler monkeys
  A crimson imp (D:15)
  4 bombardier beetles
  2 gnoll boudas
  2 hounds
  5 orc priests
  2 jellies
  3 sleepcaps
  11 iguanas
  11 orc wizards
  A boggart skeleton (D:15)
  A boggart simulacrum (D:15)
  22 gnolls
  9 adders
  A shadow imp (D:5)
  6 ufetubi
  A dart slug (D:3)
  A ribbon worm (D:2)
  46 orcs
  8 bats
  5 endoplasms
  6 giant cockroaches
  5 goblins
  4 hobgoblins
  2 quokkas
  5 ball pythons
  3 frilled lizards
  10 kobolds
  5 rats
  2 aspiring fleshes (Zot:2)
  A spectral weapon (Zot:5)
2270 creatures vanquished.

Vanquished Creatures (others)
  A deep elf sorcerer (Elf:3)
  An ironbound thunderhulk (Vaults:2)
  A white draconian (Zot:1)
  A deep elf death mage (Elf:1)
  2 deep elf knights
  A deep elf pyromancer (Elf:2)
  2 torpor snails (Spider:1)
  2 jumping spiders
  3 humans (Spider:1)
  An orc (Orc:1)
  A butterfly (Zot:2)
16 creatures vanquished.

Grand Total: 2286 creatures vanquished

Notes
Turn   | Place    | Note
-------+----------+-------------------------------------------
     0 | D:1      | gimp the Demonspawn Monk began the quest for the Orb.
     0 | D:1      | Reached XP level 1. HP: 18/18 MP: 1/1
   148 | D:1      | Discovered your monstrous ancestry.
   148 | D:1      | Gained mutation: You have a pair of small antennae on your
                  | head. [demonic ancestry]
   148 | D:1      | Reached XP level 2. HP: 24/24 MP: 2/2
   536 | D:1      | Found a faded altar of an unknown god.
   545 | D:1      | Prayed at the altar of an unknown god.
   545 | D:1      | Became a worshipper of Uskayaw the Reveller
   545 | D:1      | Reached * piety under Uskayaw
   545 | D:1      | Reached ** piety under Uskayaw
   820 | D:2      | Gained mutation: You regenerate a little health from kills.
                  | [demonic ancestry]
   820 | D:2      | Reached XP level 3. HP: 29/29 MP: 3/3
  1253 | D:2      | Reached skill level 1 in Unarmed Combat
  1598 | D:2      | Gained mutation: You regenerate health from kills. [demonic
                  | ancestry]
  1598 | D:2      | Reached XP level 4. HP: 21/36 MP: 4/4
  1925 | D:3      | Found a blossoming altar of Fedhas.
  2235 | D:3      | Found a shadowy altar of Dithmenos.
  2235 | D:3      | Found a hide-covered altar of Uskayaw.
  2460 | D:3      | Found a burning altar of Makhleb.
  2564 | D:4      | Noticed an ogre
  2641 | D:4      | Gained mutation: You may rarely emit foul miasma when
                  | damaged in melee. [demonic ancestry]
  2641 | D:4      | Reached XP level 5. HP: 35/42 MP: 5/5
  2802 | D:4      | Noticed an angel
  2888 | D:5      | Entered Level 5 of the Dungeon
  2982 | D:4      | Found a shimmering altar of Xom.
  3068 | D:4      | Reached *** piety under Uskayaw
  3083 | D:4      | Reached XP level 6. HP: 48/48 MP: 6/6
  3475 | D:5      | Reached skill level 5 in Fighting
  3569 | D:5      | Reached XP level 7. HP: 56/56 MP: 7/7
  3700 | D:5      | Noticed Eustachio
  3728 | D:5      | Killed Eustachio
  4053 | D:5      | Reached skill level 5 in Unarmed Combat
  4062 | D:6      | Noticed a wyvern
  4067 | D:6      | Killed a wyvern
  4119 | D:6      | Found a staircase to the Ecumenical Temple.
  4170 | D:6      | Gained mutation: Your touch may inflict minor irresistible
                  | damage on your foes. [demonic ancestry]
  4170 | D:6      | Reached XP level 8. HP: 42/65 MP: 8/8
  4337 | D:6      | Reached skill level 5 in Dodging
  4664 | D:6      | Found a broken altar of Ashenzari.
  5176 | D:7      | Noticed a hornet
  5184 | D:7      | Killed a hornet
  5461 | D:7      | Noticed Pikel
  5483 | D:7      | Killed Pikel
  5483 | D:7      | Reached **** piety under Uskayaw
  5484 | D:7      | Gained mutation: Your touch may inflict irresistible damage
                  | on your foes. [demonic ancestry]
  5484 | D:7      | Reached XP level 9. HP: 71/75 MP: 4/9
  5559 | D:7      | Found Muobrogu's Book Boutique.
  6129 | D:8      | Noticed Psyche
  6331 | D:8      | Noticed Maggie
  6493 | D:9      | Reached skill level 10 in Fighting
  6674 | D:9      | Noticed a komodo dragon
  6688 | D:9      | Killed a komodo dragon
  6732 | D:9      | Gained mutation: You have a small tail. [demonic ancestry]
  6732 | D:9      | Reached XP level 10. HP: 76/86 MP: 10/10
  6735 | D:9      | Reached ***** piety under Uskayaw
  6763 | D:9      | Found a staircase to the Lair.
  7060 | D:9      | Identified the +2 leather armour of Clean Freedom {+Blink
                  | rElec rN++ Dex+2}
  7192 | D:9      | You fall into a shaft and drop 1 floor!
  7192 | D:10     | Entered Level 10 of the Dungeon
  7231 | D:10     | Found Ukhla's Magic Scroll Emporium.
  7368 | D:10     | Reached skill level 10 in Unarmed Combat
  7375 | D:10     | Bought a scroll of fog for 52 gold pieces
  7375 | D:10     | Bought a scroll of identify for 26 gold pieces
  7375 | D:10     | Bought a scroll of identify for 26 gold pieces
  7798 | D:8      | Noticed Amaemon
  7798 | D:8      | Noticed an orange demon
  8620 | D:10     | Reached XP level 11. HP: 93/95 MP: 11/11
  8628 | D:10     | Reached ****** piety under Uskayaw
  8647 | D:10     | Found an ornate altar of the Wu Jian Council.
  9212 | D:10     | Found a staircase to the Orcish Mines.
  9607 | D:11     | Identified the +8 spear "Zoboidd" {spect, rC+ rN++}
  9647 | D:11     | Noticed a two-headed ogre
  9650 | D:11     | Noticed a boulder beetle
  9659 | D:11     | Killed a two-headed ogre
  9660 | D:11     | Reached skill level 1 in Shapeshifting
  9682 | D:11     | Killed a boulder beetle
 10444 | D:12     | Noticed Jorgrun
 10607 | D:12     | Found a runed translucent gate.
 10607 | D:12     | Found a runed translucent gate.
 10607 | D:12     | Found a runed translucent gate.
 10768 | Lair:1   | Entered Level 1 of the Lair of Beasts
 11045 | Lair:1   | Gained mutation: You sometimes emit foul miasma when
                  | damaged in melee. [demonic ancestry]
 11045 | Lair:1   | Reached XP level 12. HP: 105/106 MP: 12/12
 11055 | Lair:1   | Noticed a seven-headed hydra
 11075 | Lair:1   | Killed a seven-headed hydra
 11770 | Lair:2   | Found a hole to the Spider Nest.
 11809 | Lair:2   | Reached skill level 1 in Invocations
 12151 | Lair:2   | Found a runed translucent gate.
 12151 | Lair:2   | Found a runed translucent gate.
 12151 | Lair:2   | Found a runed translucent gate.
 12152 | Lair:2   | Found a viscous altar of Jiyva.
 12152 | Lair:2   | Noticed a great orb of eyes
 12153 | Lair:2   | Noticed Feodghui's ghost (journeyman OnSh)
 12230 | Lair:2   | Noticed a six-headed hydra
 12241 | Lair:2   | Killed a six-headed hydra
 12449 | Lair:2   | Found a staircase to the Shoals.
 12558 | Lair:2   | Found a transporter.
 12606 | Lair:2   | Found a transporter.
 12629 | Lair:2   | Reached skill level 5 in Shapeshifting
 12670 | Lair:2   | Identified the +1 hat of Quiescent Brilliance {rPois rF-
                  | Will+}
 13082 | Lair:3   | Reached skill level 5 in Invocations
 13182 | Lair:3   | Gained mutation: You have a tail ending in a sharp stinger.
                  | [demonic ancestry]
 13182 | Lair:3   | Reached XP level 13. HP: 98/114 MP: 16/16
 13509 | Lair:3   | Identified a scroll of acquirement
 13509 | Lair:3   | Acquired 849 gold pieces
 14054 | Lair:4   | Found a staircase to the Slime Pits.
 14055 | Lair:4   | Found a viscous altar of Jiyva.
 14482 | Lair:4   | Found a snail-covered altar of Cheibriados.
 14963 | Lair:5   | Entered Level 5 of the Lair of Beasts
 14975 | Lair:5   | Reached skill level 15 in Unarmed Combat
 15743 | Lair:5   | Gained mutation: Your touch may irresistibly damage your
                  | foes and sap their willpower. [demonic ancestry]
 15743 | Lair:5   | Reached XP level 14. HP: 111/121 MP: 20/20
 15743 | Lair:5   | Reached skill level 10 in Dodging
 15743 | Lair:5   | Gained mutation: You frequently emit foul miasma when
                  | damaged in melee. [demonic ancestry]
 15743 | Lair:5   | Reached XP level 15. HP: 116/127 MP: 21/21
 16310 | Lair:5   | Reached skill level 10 in Invocations
 16950 | Orc:1    | Entered Level 1 of the Orcish Mines
 17057 | Orc:1    | Paralysed by an orc sorcerer for 3 turns
 17557 | Orc:2    | Entered Level 2 of the Orcish Mines
 17977 | Orc:2    | Noticed Josephine
 17990 | Orc:2    | Killed Josephine
 17991 | Orc:2    | Paralysed by an orc sorcerer for 2 turns
 18308 | Orc:2    | Found Xeov's Magic Scroll Shoppe.
 18311 | Orc:2    | Found Miyst's General Store.
 18318 | Orc:2    | Found Cipen's Distillery.
 18319 | Orc:2    | Found Ymusom's Antique Weapon Shoppe.
 18321 | Orc:2    | Bought a potion of curing for 45 gold pieces
 18332 | Orc:2    | Found a staircase to the Elven Halls.
 18429 | Orc:2    | Bought a scroll of identify for 30 gold pieces
 18429 | Orc:2    | Bought a scroll of identify for 30 gold pieces
 18437 | Orc:2    | Bought a scroll of acquirement for 936 gold pieces
 18437 | Orc:2    | Bought a scroll of teleportation for 54 gold pieces
 18437 | Orc:2    | Bought a scroll of blinking for 135 gold pieces
 18438 | Orc:2    | Acquired the +1 hat of the Jabberwock {rF+ Will++ Int+3
                  | Dex-4}
 18447 | Orc:2    | Bought a scroll of identify for 36 gold pieces
 18447 | Orc:2    | Bought a scroll of identify for 36 gold pieces
 18460 | Orc:2    | Bought a potion of curing for 42 gold pieces
 18460 | Orc:2    | Bought a potion of haste for 140 gold pieces
 18460 | Orc:2    | Bought a potion of curing for 42 gold pieces
 18460 | Orc:2    | Bought a potion of resistance for 140 gold pieces
 18460 | Orc:2    | Bought a potion of resistance for 140 gold pieces
 18854 | D:12     | Noticed Sofotal's ghost (journeyman DjWr)
 18945 | D:12     | Killed Jorgrun
 20110 | D:14     | Found Ycisal's Antique Armour Shoppe.
 20208 | D:14     | Found Loahet's Antique Armour Shoppe.
 20216 | D:14     | Reached XP level 16. HP: 134/134 MP: 25/25
 20360 | D:14     | Found Ymutsuuq's Antique Armour Shop.
 20364 | D:14     | Bought a pair of runed boots for 202 gold pieces
 20583 | D:14     | Noticed Rupert
 20630 | D:14     | Killed Rupert
 21202 | D:14     | Found a gate to the Vaults.
 21689 | D:15     | Entered Level 15 of the Dungeon
 21767 | D:15     | Found a gate leading to a gauntlet.
 21789 | Gauntlet | Entered a Gauntlet
 21789 | Gauntlet | Found a transporter.
 21796 | Gauntlet | Found a transporter.
 21799 | Gauntlet | Found a transporter.
 21800 | Gauntlet | Found a transporter.
 21804 | Gauntlet | Found a runed translucent door.
 21804 | Gauntlet | Found a runed translucent door.
 21808 | Gauntlet | Found a transporter.
 21811 | Gauntlet | Found a transporter.
 21812 | Gauntlet | Found a transporter.
 21823 | Gauntlet | Found a transporter.
 21823 | Gauntlet | Found a transporter.
 21824 | Gauntlet | Found a transporter.
 21833 | Gauntlet | Found a transporter.
 21835 | Gauntlet | Found a transporter.
 21836 | Gauntlet | Found a transporter.
 21849 | Gauntlet | Found a transporter.
 21997 | Gauntlet | Acquired 671 gold pieces
 21999 | Gauntlet | Identified the +7 plate armour of Awojic {-Tele rF++ Dex+2}
 22065 | Gauntlet | Identified the staff "Ogrebane" {rF+ rC- Int+4 Dex+6 Fire}
 22570 | D:15     | Found a staircase to the Depths.
 22784 | D:15     | Found Zogron's Tremendous Tomes.
 23333 | Shoals:1 | Entered Level 1 of the Shoals
 24093 | Shoals:1 | Identified the +4 trident of Kotuzug {drain, *Corrode Fly
                  | Dex+8}
 24385 | Shoals:1 | Found Qytufeupt's Assorted Antiques.
 24393 | Shoals:1 | Bought a potion of curing for 102 gold pieces
 24393 | Shoals:1 | Bought a scroll of teleportation for 102 gold pieces
 24610 | Shoals:1 | Reached skill level 10 in Shapeshifting
 24716 | Shoals:1 | Found Yluploj's Weapon Emporium.
 25414 | Shoals:2 | Found Horch's Armour Shop.
 25721 | Shoals:2 | Gained mutation: You have a pair of antennae on your head.
                  | [demonic ancestry]
 25721 | Shoals:2 | Reached XP level 17. HP: 140/140 MP: 27/27
 26232 | Shoals:3 | Noticed Ilsuiw
 26278 | Shoals:2 | Killed Ilsuiw
 29236 | Shoals:4 | Entered Level 4 of the Shoals
 30775 | Shoals:4 | HP: 7/140 [water elemental (14)]
 31565 | Shoals:4 | Identified the +9 morningstar "Ewopesij" {pain, +Blink}
 32329 | Shoals:4 | HP: 2/140 [merfolk impaler/+5 demon trident of freezing
                  | (6)]
 32836 | Shoals:4 | Got a barnacled rune of Zot
 33133 | Shoals:4 | Identified the +2 scale mail of the Sailor {rC+ rN+ Will-
                  | Dex+3}
 33341 | Spider:1 | Entered Level 1 of the Spider Nest
 33491 | Spider:1 | Noticed Kirke
 33668 | Lair:2   | Killed Kirke
 33669 | Lair:2   | Reached XP level 18. HP: 147/147 MP: 28/28
 33687 | Spider:1 | Reached skill level 15 in Shapeshifting
 34130 | Spider:1 | Identified the serpent talisman "Xifemics" {rC+ Dex+2}
 34130 | Spider:1 | Noticed Aizul
 34138 | Spider:1 | Killed Aizul
 34386 | Spider:2 | Noticed Mlioglotl
 34427 | Spider:2 | Noticed Donald
 34447 | Spider:2 | Killed Donald
 34698 | Spider:2 | Killed Mlioglotl
 35291 | Spider:3 | Reached skill level 15 in Invocations
 35952 | Spider:3 | Reached skill level 15 in Fighting
 36249 | Spider:4 | Entered Level 4 of the Spider Nest
 36493 | Spider:4 | Noticed Arachne
 36512 | Spider:4 | Killed Arachne
 36796 | Spider:4 | Gained mutation: Your presence sometimes corrodes those you
                  | injure. [demonic ancestry]
 36796 | Spider:4 | Reached XP level 19. HP: 155/155 MP: 30/30
 37314 | Spider:4 | Got a gossamer rune of Zot
 37646 | Vaults:1 | Entered Level 1 of the Vaults
 37741 | Vaults:1 | Found Wanag's Distillery.
 37749 | Vaults:1 | Bought a potion of heal wounds for 65 gold pieces
 37749 | Vaults:1 | Bought a potion of curing for 39 gold pieces
 37749 | Vaults:1 | Bought a potion of haste for 130 gold pieces
 37749 | Vaults:1 | Bought a potion of curing for 39 gold pieces
 38260 | Vaults:1 | Reached skill level 15 in Dodging
 38384 | Vaults:1 | Noticed Asterion
 38394 | Vaults:1 | Killed Asterion
 39425 | Vaults:2 | Identified the +7 arbalest "Ricasutu" {penet, rF+ rC- Will+
                  | Stlth+}
 40057 | Vaults:2 | Found a staircase to the Crypt.
 40069 | Vaults:2 | Gained mutation: You have a sharp stinger which inflicts
                  | weakening toxins. [demonic ancestry]
 40069 | Vaults:2 | Reached XP level 20. HP: 164/164 MP: 31/31
 40653 | Vaults:3 | Noticed Xtahua
 40664 | Vaults:3 | Killed Xtahua
 40830 | Vaults:3 | Found a magical portal.
 40858 | WizLab   | Entered Wucad Mu's Monastery
 40982 | WizLab   | Found the crystal ball of Wucad Mu {*channel}
 41118 | WizLab   | Gained mutation: You have a pair of large antennae on your
                  | head. (SInv) [demonic ancestry]
 41118 | WizLab   | Reached XP level 21. HP: 175/175 MP: 32/32
 43553 | Depths:1 | Entered Level 1 of the Depths
 43564 | Depths:1 | Paralysed by a vampire knight for 4 turns
 43599 | Depths:1 | Found a portal to a secret trove of treasure.
 43975 | Depths:1 | Found a one-way gate leading to the halls of Pandemonium.
 44065 | Depths:1 | Found a hazy altar of Hepliaklqana.
 44155 | Depths:1 | Found a gateway to Hell.
 44323 | Depths:2 | Reached XP level 22. HP: 165/184 MP: 29/33
 44345 | Depths:2 | Found a one-way gate to the infinite horrors of the Abyss.
 45208 | Depths:2 | Found a runed translucent gate.
 45208 | Depths:2 | Found a runed translucent gate.
 45208 | Depths:2 | Found a runed translucent gate.
 45208 | Depths:2 | Noticed Jehehi's ghost (veteran DgCj)
 45210 | Depths:2 | Found a basalt altar of Yredelemnul.
 46281 | Depths:3 | Found a one-way gateway to a ziggurat.
 46673 | Depths:3 | Found Biont's Serpentskin Sales.
 46899 | Depths:3 | Noticed a dread lich
 46900 | Depths:3 | Found a runed translucent door.
 46908 | Depths:3 | Killed a dread lich
 46945 | Depths:3 | Identified the ring "Wustecis" {rElec Will+ rCorr MP+9
                  | Int-4}
 46951 | Depths:3 | Identified the +1 robe of the Swan {rF+}
 46953 | Depths:3 | Identified the staff of Maxtell {Str+3 Conj Air}
 47299 | Depths:3 | Noticed Sojobo
 47314 | Depths:3 | Killed Sojobo
 47408 | Depths:4 | Entered Level 4 of the Depths
 47551 | Depths:4 | Found Coqefuj's Book Shoppe.
 47553 | Depths:4 | Found Emoutiewna's Antique Armour Emporium.
 47556 | Depths:4 | Found Vaamearu's Jewellery Shoppe.
 47562 | Depths:4 | Gained mutation: You regenerate a lot of health from kills.
                  | [demonic ancestry]
 47562 | Depths:4 | Reached XP level 23. HP: 190/190 MP: 34/34
 47581 | Depths:4 | Bought the ring "Myxe" {+Blink rC+ Will+ rCorr} for 903
                  | gold pieces
 47775 | Depths:4 | Noticed an ancient lich
 47781 | Depths:4 | Killed an ancient lich
 47917 | Depths:4 | Got the Notes on Shades
 48410 | Depths:4 | Found a gate to the Realm of Zot.
 49125 | Elf:1    | Entered Level 1 of the Elven Halls
 50642 | Elf:2    | Found Liri's Assorted Antiques.
 50654 | Elf:2    | Bought a potion of might for 112 gold pieces
 50654 | Elf:2    | Found a crumbling gateway.
 50714 | Desolati | Entered the Desolation of Salt
 50853 | Desolati | Found the +3 pair of mountain boots {steadfast, rC+}
 50952 | Desolati | Identified the +5 pair of gloves of Servitude {*Slow rN+
                  | rCorr Int+4}
 50984 | Desolati | Got the Directory of the Iron Commander
 51094 | Desolati | Got the Codex of the Heated Fairies
 51111 | Desolati | Identified the +3 plate armour "Qevopsie" {Harm Will+
                  | Int+2}
 51112 | Desolati | Identified the quicksilver dragon scales of Past Mistakes
                  | {+Inv rElec rPois Will+ Dex-4}
 51450 | Desolati | Identified the +1 whip "Vaareura" {freeze, rF++ Stlth+}
 51453 | Desolati | Got Hoiph's Omnibus of Vibrant Air
 51599 | Elf:2    | Found the necklace of Bloodlust {Fury *Rage Will++ Int-3
                  | Slay+6}
 51744 | Elf:2    | Reached XP level 24. HP: 197/197 MP: 34/34
 51988 | Elf:2    | Found a runed translucent gate.
 51989 | Elf:2    | Found a runed translucent gate.
 51989 | Elf:2    | Found a runed translucent gate.
 52174 | Elf:3    | Entered Level 3 of the Elven Halls
 52174 | Elf:3    | Found Osylonk's Book Shoppe.
 52327 | Elf:3    | Found Tiyt's Specific Store.
 52332 | Elf:3    | Found Pawuth's General Store.
 52338 | Elf:3    | Bought 2 potions of haste for 320 gold pieces
 52338 | Elf:3    | Bought a potion of curing for 48 gold pieces
 52338 | Elf:3    | Bought a potion of curing for 48 gold pieces
 52348 | Elf:3    | Bought a scroll of silence for 114 gold pieces
 52937 | Elf:3    | Identified the +6 halberd "Hibihoost" {heavy, rPois rF++
                  | Int-3 Dex+2}
 53019 | Elf:3    | Found the amulet of the Air {Inacc Air Fly rElec RMsl}
 53022 | Elf:3    | Identified the +5 shortbow "Rihyss" {heavy, ^Contam +Blink
                  | rF+ Int+3}
 53059 | Elf:3    | Identified the +0 ice dragon scales of Knowledge {rF- rC++
                  | rN+}
 53111 | Elf:3    | Identified the staff of False Hope {rPois rC+ Will+ Int+2
                  | Alchemy}
 53175 | Elf:3    | Identified the staff "Roywuorgh" {*Corrode rElec rC+ Str+4
                  | Air}
 53361 | Elf:3    | Identified the ring "Awkot" {Fly rN+ Str+5}
 53836 | Vaults:5 | Entered Level 5 of the Vaults
 53899 | Vaults:5 | Noticed a dread lich
 53916 | Vaults:5 | Paralysed by a dread lich for 4 turns
 53925 | Vaults:5 | Killed a dread lich
 54060 | Vaults:5 | Got a silver rune of Zot
 54333 | Vaults:5 | Identified the +9 war axe "Qugeliuc" {drain, Int+5}
 54354 | Vaults:5 | Identified the +2 robe of Kererud {rN+ Str-3 Dex+3}
 54378 | Vaults:5 | Gained mutation: Your presence sometimes corrodes or
                  | deforms those you injure. [demonic ancestry]
 54378 | Vaults:5 | Reached XP level 25. HP: 204/204 MP: 34/34
 54396 | Vaults:5 | Identified the ring of Weewn {Fire Will+++}
 54632 | Vaults:5 | Identified the +1 pair of boots "Cer Cigg" {rF- rN+ Str+4
                  | Dex+3}
 54872 | Vaults:5 | Found the +18 shield of the Gong {Loud rN+ Will+ rCorr
                  | EV-5}
 54880 | Vaults:5 | Acquired 1076 gold pieces
 55122 | Vaults:5 | Identified the +6 rapier of Duty {venom, rN+ Str+3}
 55186 | Vaults:5 | Found Mamuih's Armour Shoppe.
 55323 | Vaults:5 | Identified the ring of Mysun {*Corrode Str+6 Int+8 Dex-5
                  | SInv}
 55778 | Slime:1  | Entered Level 1 of the Pits of Slime
 56416 | Slime:5  | Entered Level 5 of the Pits of Slime
 56477 | Slime:5  | Gained mutation: You do not regenerate when monsters are
                  | visible. [a shining eye]
 56479 | Slime:5  | Lost mutation: You do not regenerate when monsters are
                  | visible. [potion of mutation]
 56479 | Slime:5  | Gained mutation: You are frail. (-10% HP) [potion of
                  | mutation]
 56479 | Slime:5  | Gained mutation: Your mind is acute. (Int +4, Str/Dex -1)
                  | [potion of mutation]
 56547 | Slime:5  | Noticed the Royal Jelly
 56555 | Slime:5  | Killed the Royal Jelly
 56890 | Slime:5  | Identified the +6 battleaxe "Utaprueff" {spect, Dex+4}
 56892 | Slime:5  | Identified the +9 spear "Niat" {heavy, rElec Dex+3}
 56905 | Slime:5  | Identified the ring of Dum Isen {^Contam rC+ Will+ Dex+2
                  | Stlth+}
 56944 | Slime:5  | Identified the +2 plate armour of Wrong Decisions {-Cast
                  | Fly rN+++ Will-}
 56957 | Slime:5  | Got the Atlas of the Coals
 56985 | Slime:5  | Identified the +3 leather armour of Stoicism {rC+ Int+3
                  | Stlth+}
 56988 | Slime:5  | Identified the staff of Certain Death {rPois Dex+2 Conj
                  | Alchemy}
 56989 | Slime:5  | Identified the staff of Mourning {rF+ Summ Fire}
 56993 | Slime:5  | Got a slimy rune of Zot
 57001 | Slime:5  | Got Raexkaerph's Mind of the Magus, Part One
 57391 | D:14     | Bought a shimmering ring mail for 243 gold pieces
 57391 | D:14     | Identified the +5 ring mail "Umarim" {rElec} (You bought it
                  | in a shop on level 14 of the Dungeon)
 57429 | D:14     | Bought a blackened leather armour for 168 gold pieces
 57429 | D:14     | Identified the +1 leather armour "Odagregg" {rElec Str+3
                  | SInv} (You bought it in a shop on level 14 of the Dungeon)
 57491 | D:14     | Bought a spiked ring mail for 297 gold pieces
 57491 | D:14     | Identified the +3 ring mail of the Echidna {rF- Str+2
                  | Dex+2} (You bought it in a shop on level 14 of the Dungeon)
 57502 | D:14     | Lost mutation: Your mind is acute. (Int +4, Str/Dex -1)
                  | [potion of mutation]
 57502 | D:14     | Lost mutation: You are frail. (-10% HP) [potion of
                  | mutation]
 57502 | D:14     | Gained mutation: You are clumsy. (Dex -2) [potion of
                  | mutation]
 57502 | D:14     | Gained mutation: You occasionally lose the ability to read
                  | scrolls when taking damage. [potion of mutation]
 57502 | D:14     | Lost mutation: You are clumsy. (Dex -2) [potion of
                  | mutation]
 57503 | D:14     | Lost mutation: You occasionally lose the ability to read
                  | scrolls when taking damage. [potion of mutation]
 57503 | D:14     | Gained mutation: Your magical capacity is low. (-10% MP)
                  | [potion of mutation]
 57503 | D:14     | Gained mutation: You are somewhat resistant to further
                  | mutation. [potion of mutation]
 57504 | D:14     | Lost mutation: You are somewhat resistant to further
                  | mutation. [potion of mutation]
 57504 | D:14     | Lost mutation: Your magical capacity is low. (-10% MP)
                  | [potion of mutation]
 57504 | D:14     | Gained mutation: You are clumsy. (Dex -2) [potion of
                  | mutation]
 57504 | D:14     | Gained mutation: You are weak. (Str -2) [potion of
                  | mutation]
 57504 | D:14     | Gained mutation: You occasionally lose the ability to drink
                  | potions when taking damage. [potion of mutation]
 57504 | D:14     | Gained mutation: You have large cloven feet. [potion of
                  | mutation]
 57505 | D:14     | Lost mutation: You are clumsy. (Dex -2) [potion of
                  | mutation]
 57505 | D:14     | Lost mutation: You occasionally lose the ability to drink
                  | potions when taking damage. [potion of mutation]
 57505 | D:14     | Lost mutation: You are weak. (Str -2) [potion of mutation]
 57505 | D:14     | Gained mutation: Your muscles are strong. (Str +4, Int/Dex
                  | -1) [potion of mutation]
 57505 | D:14     | Gained mutation: You expend magic power (3 MP) to
                  | strengthen your wands. [potion of mutation]
 58152 | Zot:1    | Entered Level 1 of the Realm of Zot
 58167 | Zot:1    | Reached skill level 1 in Armour
 59457 | Zot:2    | Found a shimmering altar of Xom.
 59457 | Zot:2    | Found a shimmering altar of Xom.
 59469 | Zot:2    | Reached skill level 5 in Armour
 59483 | Zot:2    | Gained mutation: You can speak a Word of Chaos. [demonic
                  | ancestry]
 59483 | Zot:2    | Reached XP level 26. HP: 170/216 MP: 27/34
 59608 | Zot:2    | Found a shimmering altar of Xom.
 59653 | Zot:2    | Found a shimmering altar of Xom.
 59653 | Zot:2    | Found a shimmering altar of Xom.
 59887 | Zot:2    | Found a shimmering altar of Xom.
 60549 | Zot:3    | Identified the +0 cloak of Toplisus {^Contam rPois rN+
                  | SInv}
 60739 | Zot:3    | Noticed an orb of fire
 60797 | Zot:3    | Killed an orb of fire
 61331 | Zot:3    | Identified the +4 sling "Juow" {flame, rCorr}
 61377 | Zot:3    | Identified the +7 ring mail of Midnight {Will+++ Regen+
                  | SInv Stlth+}
 62402 | Zot:4    | Found the +3 crown of Dyrovepreva {rElec Int+2 SInv}
 62453 | Zot:4    | Noticed an orb of fire
 62464 | Zot:4    | Killed an orb of fire
 62465 | Zot:4    | Reached skill level 10 in Armour
 63194 | Zot:5    | Entered Level 5 of the Realm of Zot
 63954 | Zot:5    | Noticed a dread lich
 63965 | Zot:5    | Killed a dread lich
 63975 | Zot:5    | Noticed an ancient lich
 63979 | Zot:5    | Killed an ancient lich
 63979 | Zot:5    | Noticed an ancient lich
 63980 | Zot:5    | Reached XP level 27. HP: 223/233 MP: 35/35
 63990 | Zot:5    | Noticed an orb of fire
 64012 | Zot:5    | Killed an orb of fire
 64020 | Zot:5    | Noticed an ancient lich
 64035 | Zot:5    | Killed an ancient lich
 64240 | Zot:5    | Killed an ancient lich
 64258 | Zot:5    | Noticed a dread lich
 64273 | Zot:5    | Killed a dread lich
 64362 | Zot:5    | Noticed a dread lich
 64372 | Zot:5    | Killed a dread lich
 64670 | Zot:5    | Noticed an ancient lich
 64674 | Zot:5    | Noticed a dread lich
 64676 | Zot:5    | Noticed an orb of fire
 64680 | Zot:5    | Killed an ancient lich
 64692 | Zot:5    | Killed an orb of fire
 64703 | Zot:5    | Killed a dread lich
 65341 | Zot:5    | Got the Orb of Zot
 65827 | D:15     | Noticed Mexak the pandemonium lord
 65933 | D:6      | Noticed Qacvozus the pandemonium lord
 66085 | D:$      | Escaped with the Orb!

Illustrated notes

Levels and vault maps discovered:
D:1:      erik_arrival_orb_chamber, layout_loops_ring,
          dreamdust_ecumenical_altar_hidden_monk_grotto
D:2:      layout_loops_corners, chequers_serial_rivers_large_b,
          kennysheep_generic_room_12
D:3:      layout_rooms, fedhas_altar_1, mainiacjoe_overflow_brackets,
          nicolae_overflow_two_pavilions, minivault_27
D:4:      layout_loops_ring, grunt_temple_overflow_order_and_chaos_1
D:5:      layout_cave_pools, uniq_eustachio
D:6:      layout_cave_pods, cheibrodos_ashenzari_chains,
          minmay_temple_entry_stoned_glass, grunt_ministairs_3
D:7:      layout_basic, serial_shops, nicolae_book_shop_shelving, st_stairs_5,
          minmay_circle_x, uniq_pikel
D:8:      layout_gridville, uniq_psyche, uniq_amaemon, uniq_maggie
D:9:      layout_roguey, erik_lair_dragon, st_stairs_14
D:10:     layout_loops_cross, old_standard_altar, mainiacjoe_overflow_catwalk,
          david_orc_1_choice, kennysheep_windowed_goal
D:11:     layout_loops_ring
D:12:     layout_cave_pools, maelrawn_ghost_gauntlet_escape, uniq_jorgrun
D:13:     layout_long_grid
D:14:     layout_loops_corners, grunt_vaults_entry_fortified,
          hangedman_abyss_or_decor_clamps, serial_shops,
          nicolae_shop_back_alley_shop, nicolae_shop_tiny_waterfront,
          nicolae_shop_advertising_works [nicolae_subvault_shop_adworks],
          uniq_rupert
D:15:     grunt_enter_depths_magical_seal, layout_stronghold,
          gauntlet_entry_generic, tso_metal_star, nicolae_shop_i_like_big_books,
          dreamdust_deal_with_the_devil, lightli_wizard_tower
Lair:1:   layout_roguey, grunt_megastairs_5
Lair:2:   gammafunk_cloud_chamber, layout_regular_city,
          elwin_shoals_entry_stream, nicolae_spider_entry_lesser_pyramids,
          gammafunk_ghost_ooze
Lair:3:   layout_regular_city
Lair:4:   layout_cave_pods, slime_entry_1, basic_altar, dreamdust_gnoll_shepherd
Lair:5:   minmay_lair_end_frog_pond, layout_regular_city
Shoals:1: layout_shoals, serial_shops, nicolae_shop_back_alley_shop, shop,
          yaktaur_hedge
Shoals:2: layout_shoals, serial_shops, shop, nicolae_shoals_lost_giant_temple
Shoals:3: layout_shoals, uniq_ilsuiw
Shoals:4: shoals_end_grunt_ice, layout_shoals
Spider:1: layout_spider_delve, uniq_kirke, uniq_aizul
Spider:2: layout_spider_delve, nicolae_spider_nook, uniq_mlioglotl, uniq_donald
Spider:3: layout_cave_pods, einodemon_crawler_minivault
Spider:4: grunt_spider_rune_circles, nicolae_spider_webs_and_nodes, uniq_arachne
Slime:1:  layout_caves, basic_altar
Slime:2:  layout_caves, nicolae_slime_round_cave
Slime:3:  layout_caves
Slime:4:  cheibrodos_slime_lost_civilization_8, layout_caves,
          nicolae_slime_rock_hall_of_fame
Slime:5:  slime_pit_nicolae_block_by_block
Orc:1:    layout_caves
Orc:2:    st_orc_open, layout_caves, uniq_josephine
Elf:1:    eino_elf_arrival_the_gate, layout_loops_cross,
          minmay_elf_crystal_heptagon, small_statue_intersection
Elf:2:    nicolae_elf_blades_crystal_corner, layout_gridlike, serial_shops,
          nicolae_shop_crystal, portal_desolation_entry_nicolae_nacl,
          grunt_megastairs_2
Elf:3:    minmay_elf_hall_furrowed, layout_geoelf_grid, serial_shops,
          nicolae_shop_competitors_out_of_business, minmay_crystal_room,
          minivault_5, nicolae_specific_store
Vaults:1: nicolae_vaults_closet_pinwheel_3, ontoclasm_vaults_gateway,
          nicolae_vaults_little_ls, nicolae_vaults_spaceships,
          nicolae_vaults_six-pack, v_alt_pattern_4, v_pattern_3,
          nicolae_vaults_diamond_2, nicolae_vaults_variable_pillar_hall,
          nicolae_vaults_mini_display_case, layout_vaults_chaotic_city,
          serial_shops, nicolae_shop_industrial_runoff, uniq_asterion
Vaults:2: minmay_crypt_entry_simple_round, nicolae_vaults_wine_cellar,
          vaults_mumra_minichess, nicolae_vaults_yaktaur_gun_rack,
          vaults_standard_mumra_enter_the_diamond, vaults_dpeg_hooks,
          ontoclasm_vaults_fault, nicolae_vaults_tetromino_L_1,
          layout_vaults_quadrants
Vaults:3: mu_enter_wizlab_3, hangedman_vaults_capsules, vaults_mumra_chevron,
          nicolae_vaults_lightning_bolt, st_lattice,
          nicolae_vaults_closet_pinwheel_2, v_misc_3, v_misc_26,
          hangedman_vaults_stretched_pinwheel, v_misc_15, vaults_mumra_lcd,
          nicolae_vaults_trapezoid_1, nicolae_vaults_storage_room_doors,
          nicolae_vaults_sightless_eye, layout_vaults_maze, uniq_xtahua
Vaults:4: grunt_vaults_hallway_short, hangedman_vaults_pinch,
          hangedman_vaults_locks, nicolae_vaults_octothorpe,
          nicolae_vaults_stairing_the_circle, nicolae_vaults_angled_halls,
          nicolae_vaults_little_squares_1, nicolae_vaults_two_Ls,
          nicolae_vaults_six-pack, nicolae_vaults_swerve,
          nicolae_vaults_corridor_and_loot_room,
          ontoclasm_vaults_decontamination, nicolae_vaults_alarming,
          grunt_vaults_funnel, nicolae_vaults_tetromino_L_2,
          nicolae_vaults_tetromino_Z_1, nicolae_vaults_diamond_1,
          nicolae_vaults_rhombus_5, nicolae_vaults_trapezoid_layered,
          layout_vaults_ring
Vaults:5
Depths:1: layout_cave_pools, nicolae_trove_entry_isolated,
          hangedman_decor_points, hangedman_geh_valley, pan_entry, minivault_16,
          glass_columns_a, nicolae_hepliaklqana_hazy_memory
Depths:2: minmay_the_grid_4x2 [minmay_the_grid_empty, minmay_the_grid_spin_star,
          minmay_the_grid_minigrid_small_alt, minmay_the_grid_slots,
          minmay_the_grid_stretched_grid, minmay_the_grid_square_x,
          minmay_the_grid_mess, minmay_the_grid_prize_diamond_cup],
          layout_basic, grunt_hell_entry_dis_old, hangedman_abyss_entry_splay,
          kennysheep_flooded_box, pan_entry, nicolae_yredelemnul_ghost_church
Depths:3: minmay_gate_of_8, layout_gridlike, enter_ziggurat_f,
          hangedman_coc_ice_floe, minmay_stone_trees_small,
          abyss_entry_glasseish, guppyfry_shop_venom,
          infiniplex_staircase_pillars_3b, uniq_sojobo, uniq_margery
Depths:4: grunt_zot_entry_hairpin, layout_gridlike, rand_demon_pan_entry_9,
          moated_statue, hell_entry, special_room [special_room_morgue],
          minmay_shop_star, grunt_megastairs_3, serial_bayou_shore_b
Zot:1:    layout_onion, regret_index_zotdec_icy_dp, grunt_megastairs_4
Zot:2:    dreamdust_zin_vs_xom, layout_misc_corridors,
          regret_index_zotdec_ceiling_fans, st_single_dragon_hoard_2
Zot:3:    nicolae_moth_party, layout_gridlike, hangedman_player_shredder
Zot:4:    layout_onion_interference
Zot:5:    layout_gridville, st_stairs_11

Skill      XL: |  1  2  3  4  5  6  7  8  9 10 11 12 13 14 15 16 17 18 19 20 21 22 23 24 25 26 27 |
---------------+----------------------------------------------------------------------------------+-----
Axes           | 3 |  3.2
Unarmed Combat | 1 2 3 4 5 7 9 10 12 14 15 17 18 19 20 21 22 | 22.0
Dodging        | 3 4 6 7 8 9 10 12 13 14 15 16 17 18 19 21 | 21.0
Fighting       | 4 5 6 8 10 12 13 14 15 16 17 18 19 22 23 | 23.8
Shapeshifting  | 3 5 7 10 14 16 18 19 21 23 | 23.0
Invocations    | 5 9 12 14 15 16 18 | 18.9
Armour         | 5 10 12 | 12.7

Action                     |  1- 3 |  4- 6 |  7- 9 | 10-12 | 13-15 | 16-18 | 19-21 | 22-24 | 25-27 || total
---------------------------+-------+-------+-------+-------+-------+-------+-------+-------+-------++-------
  Melee: Hand axe          |   112 |   197 |   104 |       |       |       |       |       |       ||   413
         Unarmed           |       |       |   205 |   553 |   823 |  1539 |   789 |  1276 |  1248 ||  6433
         Touch             |       |       |    39 |   139 |   229 |   343 |   183 |   265 |   286 ||  1484
         Punch             |       |       |    12 |    57 |    33 |   128 |   118 |   211 |   280 ||   839
         Tailslap          |       |       |       |   102 |   205 |   349 |   187 |   282 |   327 ||  1452
  Throw: Throwing net      |       |       |       |       |       |       |     2 |       |       ||     2
         Dart              |       |       |       |       |       |       |     1 |       |       ||     1
 Invoke: Line Pass         |       |       |     1 |     2 |     1 |     4 |     1 |       |     7 ||    16
         Stomp             |       |       |       |     2 |     3 |    17 |     4 |     1 |    10 ||    37
         Grand Finale      |       |       |       |       |     3 |     6 |     7 |     7 |    19 ||    42
Ability: Siphon Essence    |       |       |       |       |       |       |       |       |     8 ||     8
         Blinkbolt         |       |       |       |       |       |       |       |       |     1 ||     1
         Word of Chaos     |       |       |       |       |       |       |       |       |     2 ||     2
  Evoke: Wand              |       |       |     2 |     8 |     1 |    34 |     3 |       |     1 ||    49
         Condenser vane    |       |       |       |       |     1 |     3 |       |       |     1 ||     5
         Lightning rod     |       |       |       |       |       |     8 |       |       |       ||     8
         Sack of spiders   |       |       |       |       |       |     1 |       |       |       ||     1
    Use: Potion            |       |     2 |       |     3 |     1 |     7 |     3 |       |     8 ||    24
         Scroll            |       |       |     7 |    11 |    10 |    21 |     4 |     4 |    11 ||    68
   Stab: Paralysed         |       |     1 |    14 |    31 |    88 |   145 |   110 |   151 |   152 ||   692
         Sleeping          |       |       |     1 |     2 |       |     3 |     4 |     6 |     1 ||    17
         Confused          |       |       |       |       |     1 |     5 |       |       |     3 ||     9
         Distracted        |       |       |       |       |       |       |       |     2 |       ||     2
 Armour: Robe              |     6 |       |    44 |    15 |       |       |       |       |       ||    65
         Scale mail        |    76 |   207 |   143 |   311 |       |       |       |       |       ||   737
         Leather armour    |       |       |       |    30 |   168 |   369 |       |       |    55 ||   622
         Skin              |       |       |       |    38 |   186 |   916 |   671 |  1017 |    55 ||  2883
         Fire dragon scale |       |       |       |       |       |       |       |       |   595 ||   595
  Dodge: Dodged            |    81 |   148 |   152 |   283 |   772 |  1981 |  1259 |  1775 |   887 ||  7338
   Form: Flux              |       |       |       |     1 |     2 |     4 |       |       |       ||     7
                           |       |       |       |     1 |     1 |     2 |       |       |     2 ||     6
         Death             |       |       |       |     1 |       |       |     1 |     1 |     4 ||     7
         Maw               |       |       |       |       |       |     1 |       |       |       ||     1
         Statue            |       |       |       |       |       |     2 |     1 |     2 |       ||     5
         Dragon            |       |       |       |       |       |     1 |       |       |       ||     1
         Storm             |       |       |       |       |       |       |       |     1 |     1 ||     2

Table legend: (Time is in decaauts)
 A = Elapsed time spent in this place.
 B = Non-inter-level travel time spent in this place.
 C = Inter-level travel time spent in this place.
 D = Time resting spent in this place.
 E = Time spent auto-exploring this place.
 F = Levels seen in this place.
 G = Mean time per level.
                   A        B        C        D        E       F      G
               +--------+--------+--------+--------+--------+-----+--------+
         Total |  75213 |  67604 |   7609 |   3668 |  47339 |  55 | 1367.5 |
       Dungeon |  18001 |  14448 |   3553 |    756 |  10186 |  15 | 1200.1 |
          Lair |   6715 |   6199 |    516 |    444 |   4441 |   5 | 1343.0 |
        Shoals |  10112 |   9699 |    413 |   1798 |   5878 |   4 | 2528.0 |
   Spider Nest |   5435 |   5090 |    345 |    154 |   3340 |   4 | 1358.8 |
    Slime Pits |   1241 |   1059 |    182 |      0 |    544 |   5 |  248.2 |
  Orcish Mines |   1743 |   1382 |    361 |     16 |    989 |   2 |  871.5 |
   Elven Halls |   4134 |   3926 |    208 |      9 |   2787 |   3 | 1378.0 |
        Vaults |  10549 |   9530 |   1019 |    217 |   7239 |   5 | 2109.8 |
        Depths |   8436 |   7785 |    651 |    164 |   6001 |   4 | 2109.0 |
           Zot |   6795 |   6439 |    356 |     96 |   4882 |   5 | 1359.0 |
        Wizlab |    590 |    590 |      0 |      0 |    366 |   1 |  590.0 |
    Desolation |   1181 |   1181 |      0 |      0 |    673 |   1 | 1181.0 |
      Gauntlet |    274 |    274 |      0 |     13 |      9 |   1 |  274.0 |
               +--------+--------+--------+--------+--------+-----+--------+

Top non-repeatable levels by time:
Shoals:4: 3565 daAuts
Shoals:2: 3318 daAuts
Depths:2: 2779 daAuts
     D:9: 2543 daAuts
Vaults:1: 2478 daAuts
Depths:4: 2433 daAuts
Vaults:2: 2337 daAuts
Vaults:5: 2153 daAuts
    D:14: 2141 daAuts
Vaults:4: 2082 daAuts
   Zot:5: 2068 daAuts
Depths:3: 2002 daAuts
  Lair:2: 1979 daAuts
   Elf:3: 1881 daAuts
Spider:3: 1857 daAuts
